TOP OF THE 1ST |
Baltimore Orioles batting - Pitching for Tampa Bay Rays : LHP J.A. Happ
|
Pitching: LHP J.A. Happ
|
|
Batting: SHB Dexter Fowler
|
0-0: Ball 1-0: Ball 2-0: Ball 3-0: Base on Balls
|
Batting: RHB Orlando Arcia
|
0-0: Ball 1-0: Ball 2-0: Called Strike 2-1: SINGLE (Line Drive, 8LS) Dexter Fowler to second
|
Batting: LHB Rafael Devers
|
0-0: Ball 1-0: Ball 2-0: Foul Ball, location: 2F 2-1: SINGLE (Line Drive, 6MD) Dexter Fowler to third Orlando Arcia to second
|
Batting: SHB Chase Headley
|
0-0: SINGLE (Line Drive, 78S) Dexter Fowler scores Orlando Arcia to third Rafael Devers to second
|
Batting: LHB Shohei Ohtani
|
0-0: Ball 1-0: Ball 2-0: Foul Ball, location: 2F 2-1: GRAND SLAM HOME RUN (Flyball, 9D), Distance : 356 ft
|
Batting: LHB Derek Fisher
|
0-0: Ball 1-0: Called Strike 1-1: Called Strike 1-2: Strikes out swinging
|
Batting: LHB Curtis Granderson
|
0-0: Ball 1-0: Ball 2-0: Called Strike 2-1: Foul Ball, location: 2F 2-2: Strikes out swinging
|
Batting: LHB Stephen Vogt
|
0-0: Ball 1-0: Ball 2-0: Ground out 5-3 (Groundball, 6)
|
Top of the 1st over - 5 runs, 4 hits, 0 errors, 0 left on base; Baltimore 5 - Tampa Bay 0 |
BOTTOM OF THE 1ST |
Tampa Bay Rays batting - Pitching for Baltimore Orioles : RHP Lucas Sims
|
Pitching: RHP Lucas Sims
|
|
Batting: LHB Michael Conforto
|
0-0: Ball 1-0: Ball 2-0: Ball 3-0: Base on Balls
|
Batting: RHB A.J. Pollock
|
0-0: Ball 1-0: Ball 2-0: Swinging Strike 2-1: Ball 3-1: Foul Ball, location: 2F 3-2: Fly out, F9 (Flyball, 89M)
|
Batting: LHB Joey Votto
|
0-0: Foul Ball, location: 2F 0-1: Ball 1-1: Foul Ball, location: 2F 1-2: SINGLE (Groundball, 3D) Michael Conforto to second Runner from 2nd tries for 3rd, SAFE, no throw by RF
|
Batting: RHB Adrian Beltre
|
0-0: Ball 1-0: Fly out, F7 (Flyball, 7S)
|
Batting: LHB Adam Eaton
|
0-0: Ball 1-0: Ball 2-0: Fly out, F7 (Line Drive, 7)
|
Bottom of the 1st over - 0 runs, 1 hit, 0 errors, 2 left on base; Baltimore 5 - Tampa Bay 0 |
TOP OF THE 2ND |
Baltimore Orioles batting - Pitching for Tampa Bay Rays : LHP J.A. Happ
|
Batting: RHB Josh Wilson
|
0-0: Called Strike 0-1: Ball 1-1: Foul Ball, location: 2F 1-2: Foul Ball, location: 2F 1-2: Ball 2-2: Strikes out swinging
|
Batting: SHB Dexter Fowler
|
0-0: Ball 1-0: Ball 2-0: Ball 3-0: Called Strike 3-1: Ground out 4-3 (Groundball, 4)
|
Batting: RHB Orlando Arcia
|
0-0: Called Strike 0-1: Ball 1-1: Fly out, F2 (Popup, 2RF)
|
Top of the 2nd over - 0 runs, 0 hits, 0 errors, 0 left on base; Baltimore 5 - Tampa Bay 0 |
BOTTOM OF THE 2ND |
Tampa Bay Rays batting - Pitching for Baltimore Orioles : RHP Lucas Sims
|
Batting: RHB Matt Duffy
|
0-0: Called Strike 0-1: Ball 1-1: Foul Ball, location: 2F 1-2: Ball 2-2: Foul Ball, location: 2F 2-2: Foul Ball, location: 2F 2-2: Ball 3-2: Foul Ball, location: 2F 3-2: Base on Balls
|
Batting: RHB Zack Cozart
|
0-0: Called Strike 0-1: Called Strike 0-2: Foul Ball, location: 2F 0-2: Ball 1-2: Ball Wild Pitch! Matt Duffy to second 2-2: Ground out 6-3 (Groundball, 6)
|
Now at SS: Brendan Ryan
|
|
Batting: SHB Ben Zobrist
|
0-0: Ball 1-0: Ball 2-0: Ball 3-0: Base on Balls
|
Batting: RHB Manny Pina
|
0-0: DOUBLE (Flyball, 78XD) Matt Duffy scores Ben Zobrist to third Runner from 3rd tries for Home, SAFE, throw by CF to home
|
Batting: LHB Michael Conforto
|
0-0: Ball 1-0: Ball 2-0: Called Strike 2-1: 2-RUN HOME RUN (Flyball, 9D), Distance : 378 ft
|
Batting: RHB A.J. Pollock
|
0-0: Ball 1-0: Ball 2-0: Called Strike 2-1: Fly out, F6 (Popup, 6D)
|
Batting: LHB Joey Votto
|
0-0: Ball 1-0: Called Strike 1-1: Ball 2-1: Ball 3-1: Fly out, F7 (Flyball, 7S)
|
Bottom of the 2nd over - 4 runs, 2 hits, 0 errors, 0 left on base; Baltimore 5 - Tampa Bay 4 |
TOP OF THE 3RD |
Baltimore Orioles batting - Pitching for Tampa Bay Rays : LHP J.A. Happ
|
Batting: LHB Rafael Devers
|
0-0: Called Strike 0-1: Ball 1-1: Ground out U3 (Groundball, 34S)
|
Batting: SHB Chase Headley
|
0-0: Called Strike 0-1: Called Strike 0-2: Ball 1-2: Ball 2-2: Ball 3-2: Fly out, F8 (Flyball, 8RS)
|
Batting: LHB Shohei Ohtani
|
0-0: Ball 1-0: Called Strike 1-1: Ball 2-1: Ball 3-1: Foul Ball, location: 2F 3-2: Foul Ball, location: 2F 3-2: Foul Ball, location: 2F 3-2: Fly out, F7 (Flyball, 7)
|
Top of the 3rd over - 0 runs, 0 hits, 0 errors, 0 left on base; Baltimore 5 - Tampa Bay 4 |
BOTTOM OF THE 3RD |
Tampa Bay Rays batting - Pitching for Baltimore Orioles : RHP Lucas Sims
|
Batting: RHB Adrian Beltre
|
0-0: Called Strike 0-1: Ball 1-1: Ball 2-1: Ball 3-1: Foul Ball, location: 2F 3-2: Foul Ball, location: 2F 3-2: Foul Ball, location: 2F 3-2: Fly out, F7 (Flyball, 7LS)
|
Batting: LHB Adam Eaton
|
0-0: Called Strike 0-1: Foul Ball, location: 2F 0-2: Fly out, F7 (Flyball, 7LS)
|
Batting: RHB Matt Duffy
|
0-0: Ground out 6-3 (Groundball, 6)
|
Bottom of the 3rd over - 0 runs, 0 hits, 0 errors, 0 left on base; Baltimore 5 - Tampa Bay 4 |
TOP OF THE 4TH |
Baltimore Orioles batting - Pitching for Tampa Bay Rays : LHP J.A. Happ
|
Batting: LHB Derek Fisher
|
0-0: Ball 1-0: Ball 2-0: Ball 3-0: Called Strike 3-1: SINGLE (Flyball, 89S)
|
Batting: LHB Curtis Granderson
|
0-0: Foul Ball, location: 2F 0-1: Swinging Strike 0-2: Foul Ball, location: 2F 0-2: Ball 1-2: Ball 2-2: Foul Ball, location: 2F 2-2: Grounds into double play, 6-5-3 (Groundball, 4)
|
Batting: LHB Stephen Vogt
|
0-0: Ball 1-0: Fly out, F9 (Flyball, 9LM)
|
Top of the 4th over - 0 runs, 1 hit, 0 errors, 0 left on base; Baltimore 5 - Tampa Bay 4 |
BOTTOM OF THE 4TH |
Tampa Bay Rays batting - Pitching for Baltimore Orioles : RHP Lucas Sims
|
Batting: RHB Zack Cozart
|
0-0: Called Strike 0-1: Fly out, F5 (Line Drive, 5)
|
Batting: SHB Ben Zobrist
|
0-0: Ball 1-0: Foul Ball, location: 2F 1-1: Called Strike 1-2: Ground out 4-3 (Groundball, 34D)
|
Batting: RHB Manny Pina
|
0-0: DOUBLE (Line Drive, 89M)
|
Batting: LHB Michael Conforto
|
0-0: Ball 1-0: Ball 2-0: Called Strike 2-1: Ball 3-1: Base on Balls
|
Batting: RHB A.J. Pollock
|
0-0: Called Strike 0-1: Swinging Strike 0-2: Ball Wild Pitch! Manny Pina to third Michael Conforto to second 1-2: Ball 2-2: Strikes out looking
|
Bottom of the 4th over - 0 runs, 1 hit, 0 errors, 2 left on base; Baltimore 5 - Tampa Bay 4 |
TOP OF THE 5TH |
Baltimore Orioles batting - Pitching for Tampa Bay Rays : LHP J.A. Happ
|
Batting: RHB Josh Wilson
|
0-0: Called Strike 0-1: SINGLE (Groundball, 34D)
|
Pitching: RHP Bryan Mitchell
|
|
Batting: SHB Dexter Fowler
|
0-0: Ball 1-0: Swinging Strike 1-1: Foul Ball, location: 2F 1-2: SINGLE (Groundball, 4MD) Josh Wilson to second
|
Batting: RHB Brendan Ryan
|
0-0: Ball 1-0: Ball 2-0: Called Strike 2-1: Fly out, F9 (Flyball, 9LSF)
|
Batting: LHB Rafael Devers
|
0-0: Ball 1-0: Ball 2-0: Fly out, F8 (Flyball, 89M)
|
Batting: SHB Chase Headley
|
0-0: Swinging Strike 0-1: Called Strike 0-2: Foul Ball, location: 2F 0-2: 3-RUN HOME RUN (Flyball, 89XD), Distance : 403 ft
|
Batting: LHB Shohei Ohtani
|
0-0: Ball 1-0: Ground out U3 (Groundball, 34)
|
Top of the 5th over - 3 runs, 3 hits, 0 errors, 0 left on base; Baltimore 8 - Tampa Bay 4 |
BOTTOM OF THE 5TH |
Tampa Bay Rays batting - Pitching for Baltimore Orioles : RHP Lucas Sims
|
Batting: LHB Joey Votto
|
0-0: Ball 1-0: Ball 2-0: Swinging Strike 2-1: Foul Ball, location: 2F 2-2: Ball 3-2: Foul Ball, location: 2F 3-2: SINGLE (Line Drive, 4M)
|
Batting: RHB Adrian Beltre
|
0-0: Foul Ball, location: 2F 0-1: Ball 1-1: Ball 2-1: Fly out, F7 (Flyball, 78D)
|
Batting: LHB Adam Eaton
|
0-0: Foul Ball, location: 2F 0-1: Called Strike 0-2: Fly out, F7 (Flyball, 78XD)
|
Pitching: RHP Joe Jimenez
|
|
Batting: RHB Matt Duffy
|
0-0: Ball 1-0: Ball 2-0: Ball 3-0: Called Strike 3-1: Ground out 5-3 (Groundball, 56S)
|
Bottom of the 5th over - 0 runs, 1 hit, 0 errors, 1 left on base; Baltimore 8 - Tampa Bay 4 |
TOP OF THE 6TH |
Baltimore Orioles batting - Pitching for Tampa Bay Rays : RHP Bryan Mitchell
|
Pitching: RHP Yoshihisa Hirano
|
|
Batting: LHB Derek Fisher
|
0-0: Ball 1-0: Fly out, F1 (Line Drive, P)
|
Batting: LHB Curtis Granderson
|
0-0: Ball 1-0: Foul Ball, location: 2F 1-1: Swinging Strike 1-2: Strikes out swinging
|
Batting: LHB Stephen Vogt
|
0-0: Fly out, F7 (Flyball, 7LMF)
|
Top of the 6th over - 0 runs, 0 hits, 0 errors, 0 left on base; Baltimore 8 - Tampa Bay 4 |
BOTTOM OF THE 6TH |
Tampa Bay Rays batting - Pitching for Baltimore Orioles : RHP Joe Jimenez
|
Batting: RHB Zack Cozart
|
0-0: Ground out 5-3 (Groundball, 5)
|
Batting: SHB Ben Zobrist
|
0-0: Ground out 4-3 (Groundball, 4)
|
Batting: RHB Manny Pina
|
0-0: Called Strike 0-1: Foul Ball, location: 2F 0-2: Foul Ball, location: 2F 0-2: Ball 1-2: Fly out, F8 (Line Drive, 8LM)
|
Bottom of the 6th over - 0 runs, 0 hits, 0 errors, 0 left on base; Baltimore 8 - Tampa Bay 4 |
TOP OF THE 7TH |
Baltimore Orioles batting - Pitching for Tampa Bay Rays : RHP Yoshihisa Hirano
|
Batting: RHB Josh Wilson
|
0-0: Ball 1-0: Ball 2-0: Swinging Strike 2-1: Swinging Strike 2-2: Ball 3-2: Strikes out swinging
|
Batting: SHB Dexter Fowler
|
0-0: Foul Ball, location: 2F 0-1: Ball 1-1: Ball 2-1: Called Strike 2-2: Ball 3-2: Base on Balls
|
Batting: RHB Brendan Ryan
|
0-0: Called Strike 0-1: Called Strike 0-2: Strikes out looking
|
Batting: LHB Rafael Devers
|
0-0: Called Strike 0-1: Called Strike 0-2: Strikes out swinging
|
Top of the 7th over - 0 runs, 0 hits, 0 errors, 1 left on base; Baltimore 8 - Tampa Bay 4 |
BOTTOM OF THE 7TH |
Tampa Bay Rays batting - Pitching for Baltimore Orioles : RHP Joe Jimenez
|
Batting: LHB Michael Conforto
|
0-0: Called Strike 0-1: Ball 1-1: Swinging Strike 1-2: Strikes out swinging
|
Batting: RHB A.J. Pollock
|
0-0: Ball 1-0: Fly out, F9 (Flyball, 9D)
|
Batting: LHB Joey Votto
|
0-0: Foul Ball, location: 2F 0-1: Ball 1-1: Ball 2-1: Foul Ball, location: 2F 2-2: Ball 3-2: Foul Ball, location: 2F 3-2: Foul Ball, location: 2F 3-2: DOUBLE (Line Drive, 9LM)
|
Batting: RHB Adrian Beltre
|
0-0: Swinging Strike 0-1: Ball 1-1: Ground out 4-3 (Groundball, 34)
|
Bottom of the 7th over - 0 runs, 1 hit, 0 errors, 1 left on base; Baltimore 8 - Tampa Bay 4 |
TOP OF THE 8TH |
Baltimore Orioles batting - Pitching for Tampa Bay Rays : RHP Yoshihisa Hirano
|
Pitching: LHP Chasen Shreve
|
|
Batting: SHB Chase Headley
|
0-0: Ball 1-0: Ball 2-0: Ball 3-0: Called Strike 3-1: Fly out, F7 (Flyball, 7D)
|
Batting: LHB Shohei Ohtani
|
0-0: Ball 1-0: Foul Ball, location: 2F 1-1: Fly out, F9 (Line Drive, 89M)
|
Batting: LHB Derek Fisher
|
0-0: Ball 1-0: Called Strike 1-1: Ball 2-1: Ball 3-1: Base on Balls
|
Batting: LHB Curtis Granderson
|
0-0: Foul Ball, location: 2F 0-1: Ball 1-1: Ground out 4-3 (Groundball, 34)
|
Top of the 8th over - 0 runs, 0 hits, 0 errors, 1 left on base; Baltimore 8 - Tampa Bay 4 |
BOTTOM OF THE 8TH |
Tampa Bay Rays batting - Pitching for Baltimore Orioles : RHP Joe Jimenez
|
Batting: LHB Adam Eaton
|
0-0: Foul Ball, location: 2F 0-1: Foul Ball, location: 2F 0-2: Ball 1-2: Ball 2-2: Foul Ball, location: 2F 2-2: Ball 3-2: Fly out, F2 (Popup, 23F)
|
Batting: RHB Matt Duffy
|
0-0: Fly out, F8 (Flyball, 8RD)
|
Batting: RHB Zack Cozart
|
0-0: Called Strike 0-1: Swinging Strike 0-2: Foul Ball, location: 2F 0-2: Ball 1-2: Ball 2-2: Foul Ball, location: 2F 2-2: SINGLE (Flyball, 89S)
|
Batting: SHB Ben Zobrist
|
0-0: Fly out, F9 (Flyball, 89D)
|
Bottom of the 8th over - 0 runs, 1 hit, 0 errors, 1 left on base; Baltimore 8 - Tampa Bay 4 |
TOP OF THE 9TH |
Baltimore Orioles batting - Pitching for Tampa Bay Rays : LHP Chasen Shreve
|
Pitching: RHP Frankie Montas
|
|
Batting: LHB Stephen Vogt
|
0-0: Ball 1-0: Foul Ball, location: 2F 1-1: Called Strike 1-2: Foul Ball, location: 2F 1-2: Strikes out swinging
|
Batting: RHB Josh Wilson
|
0-0: Ball 1-0: Swinging Strike 1-1: Called Strike 1-2: Ground out 4-3 (Groundball, 4)
|
Batting: SHB Dexter Fowler
|
0-0: Foul Ball, location: 2F 0-1: Foul Ball, location: 2F 0-2: Foul Ball, location: 2F 0-2: Hit by Pitch
|
Batting: RHB Brendan Ryan
|
0-0: Called Strike 0-1: Swinging Strike 0-2: Fly out, F9 (Flyball, 9D)
|
Top of the 9th over - 0 runs, 0 hits, 0 errors, 1 left on base; Baltimore 8 - Tampa Bay 4 |
BOTTOM OF THE 9TH |
Tampa Bay Rays batting - Pitching for Baltimore Orioles : RHP Joe Jimenez
|
Batting: RHB Manny Pina
|
0-0: Foul Ball, location: 2F 0-1: Ball 1-1: SOLO HOME RUN (Flyball, 78XD), Distance : 398 ft
|
Batting: LHB Michael Conforto
|
0-0: Foul Ball, location: 2F 0-1: Ball 1-1: Ground out 1-3 (Groundball, 13S)
|
Batting: RHB A.J. Pollock
|
0-0: Called Strike 0-1: Ball 1-1: Ball 2-1: Fly out, F7 (Flyball, 78M)
|
Batting: LHB Joey Votto
|
0-0: Called Strike 0-1: Ball 1-1: Ball 2-1: Ball 3-1: Base on Balls
|
Batting: RHB Adrian Beltre
|
0-0: Called Strike 0-1: Ball 1-1: Ball 2-1: Ball 3-1: Swinging Strike 3-2: Foul Ball, location: 2F 3-2: Base on Balls Joey Votto to second
|
Pitching: RHP Jeff Manship
|
|
Batting: LHB Adam Eaton
|
0-0: Called Strike 0-1: DOUBLE (Flyball, 8RXD) Joey Votto scores Adrian Beltre to third
|
Pinch Hitting: SHB Neil Walker
|
0-0: Ball 1-0: Swinging Strike 1-1: Foul Ball, location: 2F 1-2: Strikes out swinging
|
Bottom of the 9th over - 2 runs, 2 hits, 0 errors, 2 left on base; Baltimore 8 - Tampa Bay 6 |
|